[ AOE2 MATCH · #479260229 ]
1v1 RMCelts vs Malay
Player's team · LOSS
Rival team · WIN
[ REPLAY ANALYSIS · EXTRACTED FROM THE RECORDED GAME ]
Feudal
14:52
Castle
19:19
Imperial
—
| APM avg | 29.5 |
| APM peak | 65 |
| eAPM avg | 15.1 |
| Villagers / military | 48 / 15 |
Focus
⚔️ 24.1% · 🌾 75.9%
Militia ×7 · Fishing Ship ×7 · Unknown (2626) ×5 · Woad Raider ×4 · Monk ×3 · Battering Ram ×1
Feudal
15:03
Castle
21:37
Imperial
35:26
| APM avg | 26.2 |
| APM peak | 58 |
| eAPM avg | 13.6 |
| Villagers / military | 97 / 47 |
Focus
⚔️ 23.9% · 🌾 76.1%
Fishing Ship ×34 · Karambit Warrior ×32 · Battle Elephant ×8 · Spearman ×2 · Battering Ram ×2 · Knight ×1
Match map
Initial resources + every placement click. Lines = walls · curves = elevation contours. ◆ gold · ⬟ stone · ● berries · ✦ relic · ◌ wall gap
Your base· Open — unwalled flank
~~doit's base· Open — 10t gap
Smoothed initial terrain · ◌ = detected wall gap · hover for details
Inputs per minute
— GPRK | Lord Cacas - - ~~doit
Build order — GPRK | Lord Cacas
118 actions detected in the replay
| 0:34 | Build | Town Center |
| 0:53 | Build | Dock |
| 0:57 | Build | House |
| 2:40 | Create | Villager (Male) |
| 2:41 | Create | Villager (Male) |
| 2:41 | Create | Villager (Male) |
| 2:41 | Create | Villager (Male) |
| 2:41 | Create | Villager (Male) |
| 3:39 | Create | Fishing Ship |
| 4:21 | Research | Loom |
| 4:31 | Create | Fishing Ship |
| 4:37 | Build | House |
| 5:02 | Create | Villager (Male) |
| 5:02 | Create | Villager (Male) |
| 5:22 | Create | Fishing Ship |
| 5:56 | Create | Villager (Male) |
| 5:56 | Create | Villager (Male) |
| 6:03 | Create | Fishing Ship |
| 6:11 | Build | House |
| 6:43 | Create | Villager (Male) |
| 6:58 | Create | Fishing Ship |
| 7:02 | Create | Fishing Ship |
| 7:10 | Build | House |
| 7:13 | Create | Villager (Male) |
| 7:13 | Create | Villager (Male) |
| 7:17 | Create | Villager (Male) |
| 7:46 | Create | Villager (Male) |
| 7:57 | Create | Villager (Male) |
| 8:29 | Create | Villager (Male) |
| 8:35 | Create | Fishing Ship |
| 8:55 | Create | Villager (Male) |
| 9:17 | Create | Villager (Male) |
| 9:29 | Create | Villager (Male) |
| 9:29 | Create | Villager (Male) |
| 9:43 | Create | Villager (Male) |
| 9:46 | Create | Villager (Male) |
| 9:49 | Create | Villager (Male) |
| 10:03 | Create | Villager (Male) |
| 10:30 | Create | Villager (Male) |
| 10:40 | Build | House |
| 10:47 | Build | House |
| 11:12 | Create | Villager (Male) |
| 11:28 | Build | Mill |
| 11:52 | Build | Dock |
| 12:25 | Research | Feudal Age |
| 12:41 | Build | Mining Camp |
| 13:55 | Build | Mining Camp |
| 14:52 | Age | Feudal Age |
| 14:54 | Create | Villager (Male) |
| 15:04 | Build | Market |
| 15:21 | Create | Villager (Male) |
| 15:42 | Build | Blacksmith |
| 15:47 | Create | Villager (Male) |
| 16:14 | Create | Villager (Male) |
| 16:20 | Research | Castle Age |
| 16:24 | Research | Gold Mining |
| 16:26 | Research | Stone Mining |
| 16:54 | Build | House |
| 16:59 | Create | Unit 2626 |
| 17:17 | Create | Unit 2626 |
| 17:27 | Build | House |
| 18:01 | Build | Lumber Camp |
| 18:08 | Create | Unit 2626 |
| 18:57 | Build | Barracks |
| 19:10 | Research | Wheelbarrow |
| 19:19 | Age | Castle Age |
| 19:36 | Create | Villager (Male) |
| 19:46 | Research | Fletching |
| 19:50 | Research | Double-Bit Axe |
| 19:52 | Create | Villager (Male) |
| 20:00 | Research | Man-at-Arms (upgrade) |
| 20:02 | Research | Gambesons |
| 20:18 | Create | Villager (Male) |
| 20:35 | Create | Villager (Male) |
| 20:45 | Research | Long Swordsman (upgrade) |
| 21:25 | Build | Siege Workshop |
| 21:31 | Create | Militia |
| 21:32 | Create | Militia |
| 21:32 | Create | Militia |
| 21:32 | Create | Militia |
| 21:33 | Create | Villager (Male) |
| 21:45 | Build | Castle |
| 21:51 | Create | Militia |
| 21:52 | Create | Militia |
| 21:52 | Create | Militia |
| 22:21 | Create | Villager (Male) |
| 23:15 | Create | Villager (Male) |
| 23:32 | Build | Town Center |
| 23:49 | Create | Battering Ram |
| 24:02 | Build | Monastery |
| 24:25 | Research | Forging |
| 24:30 | Create | Villager (Male) |
| 24:53 | Create | Woad Raider |
| 24:53 | Create | Woad Raider |
| 24:54 | Create | Woad Raider |
| 24:54 | Create | Woad Raider |
| 25:08 | Create | Villager (Male) |
| 25:10 | Create | Villager (Male) |
| 25:11 | Create | Villager (Male) |
| 25:11 | Create | Villager (Male) |
| 25:54 | Create | Monk |
| 25:54 | Create | Monk |
| 25:54 | Create | Monk |
| 26:16 | Build | Lumber Camp |
| 26:20 | Create | Villager (Male) |
| 26:21 | Create | Villager (Male) |
| 26:38 | Create | Villager (Male) |
| 26:56 | Build | Town Center |
| 27:12 | Build | Blacksmith |
| 27:21 | Create | Villager (Male) |
| 30:46 | Create | Villager (Male) |
| 31:06 | Research | Scale Mail Armor |
| 31:38 | Build | Castle |
| 33:10 | Create | Villager (Male) |
| 33:28 | Build | Market |
| 34:34 | Research | Imperial Age |
| 34:50 | Create | Unit 2626 |
| 34:51 | Create | Unit 2626 |
Build order — ~~doit
First 150 of 259 actions detected
| 0:49 | Build | House |
| 1:03 | Build | Dock |
| 1:14 | Build | Town Center |
| 3:19 | Create | Villager (Male) ×4 |
| 4:21 | Create | Fishing Ship |
| 4:22 | Create | Fishing Ship |
| 4:42 | Create | Villager (Male) |
| 4:43 | Create | Villager (Male) |
| 5:17 | Build | House |
| 5:27 | Create | Villager (Male) |
| 5:27 | Create | Villager (Male) |
| 5:29 | Research | Loom |
| 6:07 | Create | Fishing Ship |
| 6:08 | Create | Fishing Ship |
| 6:24 | Create | Villager (Male) |
| 6:24 | Create | Villager (Male) |
| 6:29 | Build | House |
| 6:45 | Create | Villager (Male) |
| 7:04 | Create | Fishing Ship |
| 7:26 | Create | Villager (Male) |
| 7:26 | Create | Villager (Male) |
| 7:26 | Create | Villager (Male) |
| 7:35 | Create | Fishing Ship |
| 7:41 | Build | House |
| 8:10 | Create | Villager (Male) |
| 8:10 | Create | Villager (Male) |
| 8:12 | Create | Fishing Ship |
| 8:12 | Create | Fishing Ship |
| 8:31 | Create | Fishing Ship |
| 8:38 | Build | House |
| 8:44 | Create | Villager (Male) |
| 8:45 | Create | Villager (Male) |
| 8:55 | Create | Villager (Male) |
| 8:55 | Create | Villager (Male) |
| 8:57 | Create | Fishing Ship |
| 8:57 | Create | Fishing Ship |
| 9:10 | Create | Villager (Male) |
| 9:11 | Create | Villager (Male) |
| 9:13 | Create | Fishing Ship |
| 9:14 | Create | Fishing Ship |
| 9:17 | Build | House |
| 9:54 | Create | Villager (Male) |
| 9:54 | Create | Villager (Male) |
| 9:55 | Create | Fishing Ship |
| 9:56 | Create | Fishing Ship |
| 9:56 | Create | Fishing Ship |
| 10:00 | Build | House |
| 10:31 | Create | Villager (Male) |
| 10:32 | Create | Villager (Male) |
| 10:32 | Create | Villager (Male) |
| 10:34 | Create | Fishing Ship |
| 10:34 | Create | Fishing Ship |
| 10:47 | Build | House |
| 11:16 | Build | House |
| 11:17 | Create | Villager (Male) |
| 11:17 | Create | Villager (Male) |
| 11:57 | Build | House |
| 12:21 | Build | Mill |
| 12:22 | Create | Villager (Male) |
| 12:23 | Create | Villager (Male) |
| 12:23 | Create | Villager (Male) |
| 12:23 | Create | Villager (Male) |
| 12:28 | Create | Fishing Ship |
| 12:29 | Create | Fishing Ship |
| 12:29 | Create | Fishing Ship |
| 13:00 | Build | House |
| 13:19 | Create | Villager (Male) |
| 13:37 | Build | House |
| 13:44 | Create | Fishing Ship |
| 13:45 | Research | Feudal Age |
| 13:52 | Build | Lumber Camp |
| 14:06 | Build | Mining Camp |
| 14:17 | Create | Villager (Male) |
| 14:18 | Create | Villager (Male) |
| 14:26 | Build | House |
| 14:27 | Build | House |
| 14:55 | Build | Dock |
| 15:03 | Age | Feudal Age |
| 15:14 | Research | Double-Bit Axe |
| 15:34 | Build | Blacksmith |
| 15:46 | Create | Villager (Male) |
| 15:46 | Create | Villager (Male) |
| 15:47 | Create | Villager (Male) |
| 16:09 | Create | Fishing Ship |
| 16:13 | Build | House |
| 16:31 | Build | Market |
| 16:44 | Research | Town Watch |
| 16:58 | Build | House |
| 17:22 | Build | Dock |
| 17:30 | Create | Villager (Male) |
| 17:31 | Create | Villager (Male) |
| 17:37 | Build | Mining Camp |
| 18:02 | Create | Fishing Ship |
| 18:02 | Create | Fishing Ship |
| 18:25 | Build | Watch Tower |
| 18:33 | Create | Villager (Male) |
| 18:52 | Create | Villager (Male) |
| 19:11 | Build | Palisade Wall |
| 19:12 | Build | Palisade Wall |
| 19:12 | Build | Palisade Wall |
| 19:13 | Build | Palisade Wall |
| 19:14 | Build | Palisade Wall |
| 19:14 | Build | Palisade Wall |
| 19:15 | Build | Palisade Wall |
| 19:17 | Build | Palisade Wall |
| 19:27 | Create | Villager (Male) |
| 19:48 | Build | Barracks |
| 20:01 | Research | Castle Age |
| 20:06 | Research | Tech 906 |
| 20:23 | Research | Fletching |
| 20:34 | Create | Villager (Male) |
| 20:39 | Research | Stone Mining |
| 20:54 | Create | Spearman |
| 20:57 | Build | Stable |
| 21:28 | Build | House |
| 21:30 | Build | House |
| 21:33 | Build | Outpost |
| 21:36 | Create | Scout Cavalry |
| 21:37 | Age | Castle Age |
| 22:16 | Create | Battle Elephant |
| 22:24 | Build | Castle |
| 22:31 | Create | Battle Elephant |
| 22:35 | Create | Spearman |
| 22:49 | Create | Villager (Male) ×3 |
| 22:57 | Build | Town Center |
| 23:22 | Create | Battle Elephant |
| 23:35 | Create | Battle Elephant |
| 23:44 | Build | Town Center |
| 24:18 | Create | Villager (Male) |
| 24:18 | Create | Villager (Male) |
| 24:25 | Research | Horse Collar |
| 24:31 | Build | Dock |
| 24:51 | Create | Villager (Male) |
| 24:52 | Create | Villager (Male) |
| 24:58 | Build | Farm |
| 24:58 | Build | Farm |
| 24:58 | Build | Farm |
| 24:59 | Build | Farm |
| 24:59 | Build | Farm |
| 24:59 | Build | Farm |
| 24:59 | Build | Farm |
| 25:26 | Build | Farm |
| 25:37 | Build | Dock |
| 25:49 | Create | Villager (Male) |
| 25:49 | Create | Villager (Male) |
| 25:50 | Create | Villager (Male) |
| 26:02 | Create | Karambit Warrior |
| 26:13 | Create | Karambit Warrior |
| 26:13 | Create | Karambit Warrior |
| 26:19 | Build | Farm |
Match timeline
| 0:53 | GPRK | Lord Cacas · first_building Dock |
| 1:03 | ~~doit · first_building Dock |
| 14:52 | GPRK | Lord Cacas · age_up feudal |
| 15:03 | ~~doit · age_up feudal |
| 18:57 | GPRK | Lord Cacas · first_building Barracks |
| 19:11 | ~~doit · wall_segment Palisade Wall x1 |
| 19:12 | ~~doit · wall_segment Palisade Wall x1 |
| 19:12 | ~~doit · wall_segment Palisade Wall x1 |
| 19:13 | ~~doit · wall_segment Palisade Wall x1 |
| 19:14 | ~~doit · wall_segment Palisade Wall x1 |
| 19:14 | ~~doit · wall_segment Palisade Wall x1 |
| 19:15 | ~~doit · wall_segment Palisade Wall x1 |
| 19:17 | ~~doit · wall_segment Palisade Wall x1 |
| 19:19 | GPRK | Lord Cacas · age_up castle |
| 19:48 | ~~doit · first_building Barracks |
| 20:57 | ~~doit · first_building Stable |
| 21:25 | GPRK | Lord Cacas · first_building Siege Workshop |
| 21:37 | ~~doit · age_up castle |
| 21:45 | GPRK | Lord Cacas · first_building Castle |
| 22:24 | ~~doit · first_building Castle |
| 23:22 | GPRK | Lord Cacas · first_market_sell 100 wood |
| 23:24 | GPRK | Lord Cacas · first_market_buy 100 stone |
| 24:02 | GPRK | Lord Cacas · first_building Monastery |
| 32:43 | ~~doit · first_building Monastery |
| 33:03 | ~~doit · first_market_buy 100 wood |
| 33:40 | ~~doit · first_building Siege Workshop |
| 35:26 | ~~doit · age_up imperial |
| 35:33 | ~~doit · first_market_sell 100 food |
| 35:39 | GPRK | Lord Cacas · resign |
[ AI ANALYSIS · 1 CREDIT ]
What really happened in this match?
Wolo.gg analyzes every decision: build order, eco, micro, common mistakes by bracket. Personalized analysis on WhatsApp or Discord in 30 seconds.
Civ guide
Celts
Map guide
Nomad
Perfil
GPRK | Lord Cacas